 Dungeon Sprint DCSS version 0.21.0-24-g2553a33 (webtiles) character file.

251 letownia2 the Ruffian (level 5, -1/53 HPs)
             Began as a Troll Wizard on Jan 21, 2018.
             Was an Initiate of Gozag.
             Slain by an unseen horror (8 damage)
             ... in the Dungeon (Sprint IX: "|||||||||||||||||||||||||||||").
             The game lasted 00:02:01 (202 turns).

letownia2 the Ruffian (Troll Wizard)                 Turns: 202, Time: 00:02:03

Health: -1/53      AC:  5    Str: 18    XL:     5   Next: 88%
Magic:  1/8        EV: 11    Int: 15    God:    Gozag
Gold:   81         SH:  0    Dex:  8    Spells: 1/10 levels left

rFire    . . .     SeeInvis .     - Unarmed
rCold    . . .     Gourm    +   (no shield)
rNeg     . . .     Faith    .   a - +0 robe
rPois    .         Spirit   .   b - +0 hat
rElec    .         Reflect  .   (no cloak)
rCorr    .         Harm     .   (gloves unavailable)
MR       .....     NoTele   +   (boots unavailable)
Stlth    +.........             (no amulet)
HPRegen  0.57/turn              n - +3 ring of strength
MPRegen  0.11/turn              o - +2 ring of evasion

@: no status effects
A: large, unfitting armour, claws 3, fast metabolism 3, gourmand, regeneration
1, shaggy fur 1, tough skin 2
a: Potion Petition, Call Merchant, Bribe Branch, Renounce Religion


You were in the Dungeon.
You worshipped Gozag.
Gozag was noncommittal.
You were very full.

You visited 1 branch You collected 81 gold pieces.

Inventory:

Armour
 a - a +0 robe (worn)
 b - a +0 hat (worn)
Magical Staves
 p - an uncursed staff of energy
Jewellery
 n - a +3 ring of strength (left claw)
 o - a +2 ring of evasion (right claw)
Wands
 m - a wand of iceblast (10)
Scrolls
 j - 2 scrolls of blinking
 k - 3 scrolls of remove curse
 l - 2 scrolls of amnesia
Potions
 e - 4 potions of curing
 f - 3 potions of heal wounds
 g - a potion of haste
 h - 4 potions of magic
 i - a potion of invisibility
Books
 c - a book of Minor Magic

   Spells                             Type                      Level
   a - Magic Dart                     Conjuration                  1
   b - Blink                          Translocation                2
   c - Call Imp                       Summoning                    2
   d - Slow                           Hexes                        2
   e - Conjure Flame                  Conjuration/Fire             3
   f - Mephitic Cloud                 Conjuration/Poison/Air       3
Comestibles
 d - 2 rations


   Skills:
 - Level 3.3 Fighting
 - Level 1.5 Dodging
 - Level 1.0 Stealth
 + Level 7.0 Unarmed Combat
 - Level 3.3 Spellcasting
 - Level 3.1 Conjurations
   Level 0.6 Summonings
 + Level 2.4 Translocations
 + Level 2.2 Fire Magic
 + Level 2.0 Air Magic
 + Level 2.2 Poison Magic


You had one spell level left.
You knew the following spells:

 Your Spells              Type           Power        Failure   Level  Hunger
a - Magic Dart            Conj           ##..         5%          1    #......
b - Blink                 Tloc           N/A          11%         2    ##.....
c - Conjure Flame         Conj/Fire      ##......     19%         3    ###....
e - Mephitic Cloud        Conj/Pois/Air  #.......     22%         3    ###....


Dungeon Overview and Level Annotations

Branches:
Dungeon (1/1)

Altars:
Cheibriados
Dithmenos
Elyvilon
Fedhas
Gozag
Hepliaklqana
Kikubaaqudgha
Makhleb
Nemelex Xobeh
Okawaru
Qazlal
Ru
Sif Muna
Trog
Uskayaw
Vehumet
Wu Jian
Xom
Yredelemnul
Zin
The Shining One
Beogh
Jiyva
Lugonu


Innate Abilities, Weirdness & Mutations

You are too large for most types of armour.
You have claws for hands.
Your metabolism is lightning-fast.
You like to eat raw meat.
Your natural rate of healing is unusually fast.
You are covered in fur. (AC +1)
You have very tough skin. (AC +2)


Message History

Unknown command.
You scratch something.
Unknown command.
You closely miss something. Something barely misses you.
Unknown command.
You scratch something.
Unknown command.
You closely miss something. Something hits you but does no damage.
Something hits you.
* * * LOW HITPOINT WARNING * * *
Unknown command.
You barely miss something.
Something hits you but does no damage. x2
Unknown command.
You feel better. Something hits you!
* * * LOW HITPOINT WARNING * * *
Something hits you.
* * * LOW HITPOINT WARNING * * *
Something hits you!
You die...
Your body crumbles into a pile of gold.

▓[▓
$
▓.▓
▓.▓
$
▓'▓
▓$▓
$
▓.▓
$
▓.▓
$
▓$▓
$
▓@▓
$
▓{▓
▓+▓


There were no monsters in sight!

Vanquished Creatures
  An ice beast (D)
  An ogre (D)
  A bullfrog (D)
  A worker ant (D)
  A shadow imp (D)
  An ooze (D)
  A bat (D)
  2 bat skeletons (D)
  A goblin (D)
  2 jackals (D)
  A quokka (D)
  A kobold (D)
  A rat (D)
15 creatures vanquished.

Notes
Turn   | Place    | Note
-------+----------+-------------------------------------------
     0 | D        | letownia2 the Troll Wizard began the quest for the Orb.
     0 | D        | Reached XP level 1. HP: 16/16 MP: 2/2
     5 | D        | Reached skill level 1 in Unarmed Combat
    17 | D        | Reached skill level 2 in Unarmed Combat
    21 | D        | Reached skill level 3 in Unarmed Combat
    35 | D        | Noticed a worker ant
    35 | D        | Noticed an ice beast
    37 | D        | Reached skill level 4 in Unarmed Combat
    37 | D        | Reached XP level 2. HP: 24/24 MP: 4/4
    41 | D        | Reached skill level 6 in Unarmed Combat
    41 | D        | Reached XP level 3. HP: 31/31 MP: 5/5
    52 | D        | Killed an ice beast
    52 | D        | Reached XP level 4. HP: 31/45 MP: 5/7
    64 | D        | Learned a level 3 spell: Mephitic Cloud
    68 | D        | Learned a level 3 spell: Conjure Flame
    71 | D        | Learned a level 2 spell: Blink
   113 | D        | Found a roughly hewn altar of Beogh.
   113 | D        | Found a snail-covered altar of Cheibriados.
   113 | D        | Found a shadowy altar of Dithmenos.
   113 | D        | Found a white marble altar of Elyvilon.
   113 | D        | Found a blossoming altar of Fedhas.
   113 | D        | Found an opulent altar of Gozag.
   114 | D        | Found a hazy altar of Hepliaklqana.
   115 | D        | Found a viscous altar of Jiyva.
   116 | D        | Found an ancient bone altar of Kikubaaqudgha.
   117 | D        | Found a corrupted altar of Lugonu.
   118 | D        | Found a burning altar of Makhleb.
   119 | D        | Found a sparkling altar of Nemelex Xobeh.
   120 | D        | Found an iron altar of Okawaru.
   121 | D        | Became a worshipper of Gozag Ym Sagoz the Greedy
   122 | D        | Found a stormy altar of Qazlal.
   123 | D        | Found a sacrificial altar of Ru.
   124 | D        | Found a deep blue altar of Sif Muna.
   125 | D        | Found a bloodstained altar of Trog.
   126 | D        | Found a hide-covered altar of Uskayaw.
   127 | D        | Found a radiant altar of Vehumet.
   128 | D        | Found an ornate altar of the Wu Jian Council.
   129 | D        | Found a shimmering altar of Xom.
   130 | D        | Found a basalt altar of Yredelemnul.
   131 | D        | Found a glowing silver altar of Zin.
   132 | D        | Found a glowing golden altar of the Shining One.
   171 | D        | Noticed a bullfrog
   171 | D        | Noticed an ogre
   174 | D        | Killed a bullfrog
   174 | D        | Reached skill level 1 in Translocations
   174 | D        | Reached skill level 1 in Fire Magic
   174 | D        | Reached skill level 1 in Air Magic
   174 | D        | Reached skill level 1 in Poison Magic
   174 | D        | Reached XP level 5. HP: 53/53 MP: 4/8
   182 | D        | Killed an ogre
   182 | D        | Reached skill level 7 in Unarmed Combat
   202 | D        | Slain by an unseen horror

Skill      XL: |  1  2  3  4  5 |
---------------+----------------+-----
Unarmed Combat | 4 6 7 |  7.0
Fighting       | 3 |  3.3
Spellcasting   | 3 |  3.3
Conjurations   | 3 |  3.1
Translocations | 1 2 |  2.4
Fire Magic     | 1 2 |  2.2
Air Magic      | 1 2 |  2.0
Poison Magic   | 1 2 |  2.2
Dodging        | |  1.5
Stealth        | |  1.0
Summonings     | |  0.6

Action                   |  1- 3 |  4- 6 || total
-------------------------+-------+-------++-------
Melee: Unarmed           |    34 |    21 ||    55
       Punch             |       |     1 ||     1
 Cast: Mephitic Cloud    |       |     2 ||     2
       Conjure Flame     |       |     1 ||     1
  Use: Potion            |     1 |     1 ||     2
 Stab: Confused          |       |     2 ||     2
  Eat: Chunk             |     4 |     3 ||     7
Armor: Robe              |    14 |    10 ||    24
Dodge: Dodged            |     8 |     2 ||    10
